 Dungeon Crawl Stone Soup version 0.26.1-11-gd32895ea62 (webtiles) character file.

Game seed: 8923614032793030416

3906 MisterFreud the Fighter (level 10, -2/81 HPs)
             Began as a Gnoll Abyssal Knight on May 12, 2021.
             Was a High Priest of Lugonu.
             Shot with a bolt by an orc (11 damage)
             ... in a bailey.
             The game lasted 00:11:54 (11973 turns).

MisterFreud the Fighter (Gnoll Abyssal Knight)     Turns: 11973, Time: 00:11:54

Health: -2/81      AC:  7    Str: 14    XL:     10   Next: 20%
Magic:  26/26      EV: 13    Int: 25    God:    Lugonu [*****.]
Gold:   238        SH:  0    Dex: 14    Spells: 19/19 levels left

rFire    . . .     SeeInvis .   f - +2 dagger (drain)
rCold    + . .     Faith    +   (no shield)
rNeg     . . .     Spirit   .   G - +1 ring mail {rC+}
rPois    .         Reflect  .   (no helmet)
rElec    .         Harm     .   (no cloak)
rCorr    .         Rampage  .   (no gloves)
Will     .....                  (no boots)
Stlth    ++........             r - amulet of faith
HPRegen  0.23/turn              D - ring of magical power
MPRegen  0.20/turn              N - +6 ring of intelligence

@: no status effects
A: distributed training, fangs 1, strong nose
a: Renounce Religion, Depart the Abyss, Bend Space, Banish, Corrupt, Enter the
Abyss


You were in a bailey.
You worshipped Lugonu.
Lugonu was extremely pleased with you.
You visited 2 branches of the dungeon, and saw 10 of its levels.
You visited the Abyss 1 time.
You also visited: Bailey.

You collected 595 gold pieces.
You spent 357 gold pieces at shops.

Inventory:

Hand Weapons
 f - a +2 dagger of draining (weapon)
 y - the +8 frozen axe "Frostbite" {freezing cloud, *Noise +Fly rC+}
   (You found it on level 6 of the Dungeon)

   It has been specially enchanted to freeze those struck by it, causing extra
   injury to most foes and up to half again as much damage against particularly
   susceptible opponents.
   It can also slow down cold-blooded creatures.
   It protects you from cold.
   It lets you fly.
   It may make noises in combat.
 M - a +3 scimitar of flaming
Missiles
 a - 57 arrows
 g - 229 stones
 p - 44 bolts
 s - 41 sling bullets
 B - 8 boomerangs
 E - 8 silver javelins
 F - 22 poisoned darts
Armour
 b - a +0 leather armour
 G - a +1 ring mail of cold resistance (worn)
Jewellery
 r - an amulet of faith (around neck)
 C - an uncursed amulet of magic regeneration {unknown}
 D - a ring of magical power (left hand)
 N - a +6 ring of intelligence (right hand)
Wands
 A - a wand of disintegration (34)
 I - a wand of paralysis (4)
Scrolls
 c - 2 scrolls of magic mapping
 d - 2 scrolls of teleportation
 e - a scroll of blinking
 h - 2 scrolls of enchant weapon
 j - 8 scrolls of remove curse
 m - a scroll of immolation
 q - a scroll of fear
 w - 2 scrolls of amnesia {unknown}
 x - 3 scrolls of fog
 H - a scroll of random uselessness {unknown}
Potions
 i - a potion of ambrosia
 k - 5 potions of curing
 l - 4 potions of brilliance
 n - a potion of cancellation
 o - a potion of magic
 t - a potion of heal wounds {unknown}
 u - 4 potions of attraction
 v - 3 potions of lignification
 z - 2 potions of invisibility {unknown}
 J - a potion of berserk rage
 K - a potion of mutation
 L - a potion of might {unknown}


   Skills:
 + Level 8.3 Fighting
 + Level 6.9 Short Blades
 + Level 5.0 Long Blades
 + Level 5.0 Axes
 + Level 5.0 Maces & Flails
 + Level 5.0 Polearms
 + Level 5.0 Staves
 + Level 5.0 Slings
 + Level 5.0 Bows
 + Level 5.0 Crossbows
 + Level 5.0 Throwing
 + Level 6.9 Armour
 + Level 5.7 Dodging
 + Level 5.0 Stealth
 + Level 5.0 Shields
 + Level 5.0 Unarmed Combat
 + Level 5.0 Spellcasting
 + Level 4.1 Conjurations
 + Level 4.1 Hexes
 + Level 4.1 Summonings
 + Level 4.1 Necromancy
 + Level 4.1 Translocations
 + Level 4.1 Transmutations
 + Level 4.1 Fire Magic
 + Level 4.1 Ice Magic
 + Level 4.1 Air Magic
 + Level 4.1 Earth Magic
 + Level 4.1 Poison Magic
 + Level 7.3 Invocations
 + Level 5.0 Evocations


You had 19 spell levels left.
You didn't know any spells.
Your spell library contained the following spells:

 Spells                   Type           Power        Failure   Level
 Animate Skeleton         Necr           54%          2%          1
 Pain                     Necr           100%         2%          1
 Shock                    Conj/Air       100%         2%          1
 Swiftness                Air            27%          4%          2
 Static Discharge         Conj/Air       27%          9%          3
 Vampiric Draining        Necr           13%          9%          3
 Airstrike                Air            13%          26%         4
 Animate Dead             Necr           13%          26%         4
 Agony                    Necr           27%          58%         5
 Lightning Bolt           Conj/Air       13%          58%         5


Dungeon Overview and Level Annotations

Branches:
Dungeon (9/15)             Temple (1/1) D:5          Bailey (1/1)
   Lair: D:8-11         Orc: D:9-12

Altars:
Dithmenos
Gozag
Nemelex Xobeh
Trog
Xom
Yredelemnul

Shops:
D:6 !?

Annotations:
D:4 3 runed translucent doors, Nebukadnezar's ghost, novice MiDe


Innate Abilities, Weirdness & Mutations

Your experience applies equally to all skills.
You have very sharp teeth.
Your uncanny sense of smell can sniff out nearby items.


Message History

You bite the orc warrior, but do no damage.
The orc warrior is moderately wounded.
The orc warrior hits you!
You hit the orc warrior. You drain the orc warrior.
The orc warrior is severely wounded.
The orc warrior shoots a bolt.
The bolt completely misses you. The orc warrior barely misses you.
You hit the orc warrior but do no damage.
You bite the orc warrior, but do no damage.
The orc warrior is severely wounded.
You hit the orc warrior.
The orc warrior is severely wounded.
The orc warrior hits you but does no damage.
The orc warrior shoots a bolt.
The bolt hits you!!
* * * LOW HITPOINT WARNING * * *
You hit the orc warrior but do no damage.
You drain the orc warrior.
The orc warrior is almost dead.
The orc shoots a bolt.
The bolt hits you!
You die...

#......≈##
#......≈.. .
#......≈##.# ≈
#......≈≈#.#≈≈
#.......≈≈≈≈≈.
#.............
#.............
#.((...o.....o
#..((.@......o
#.∩...........
#∩.(..........
##############


You could see 2 orc warriors and an orc.

Vanquished Creatures
  Erica (D:9)
  A centaur skeleton (D:7)
  3 yaks (D:9)
  A water moccasin (D:8)
  An orc warrior (D:8)
  A phantom (D:7)
  4 sky beasts
  2 ogres
  3 centaurs
  2 bullfrogs
  A water moccasin skeleton (D:6)
  3 scorpions
  3 wights (D:8)
  A howler monkey (D:4)
  2 centaur zombies
  6 hounds
  A jelly (D:8)
  4 orc priests
  6 orc wizards
  2 iguanas
  4 worker ants
  2 hound skeletons
  5 gnolls
  A howler monkey skeleton (D:5)
  8 adders
  A shadow imp (D:8)
  3 ufetubi
  3 adder skeletons
  2 worms
  A dart slug (D:3)
  8 leopard geckos
  32 orcs
  7 bats
  3 giant cockroaches
  5 goblins
  4 hobgoblins
  13 jackals
  10 kobolds
  5 quokkas
  A ball python (D:1)
  7 frilled lizards
  A jackal zombie (D:8)
  A leopard gecko skeleton (D:5)
  A quokka skeleton (D:4)
  8 rats
  A spectral orc (D:7)
185 creatures vanquished.

Notes
Turn   | Place    | Note
-------+----------+-------------------------------------------
     0 | Abyss:1  | MisterFreud the Gnoll Abyssal Knight began the quest for
                  | the Orb.
     0 | Abyss:1  | Reached XP level 1. HP: 23/23 MP: 3/3
   120 | Abyss:1  | Noticed a small abomination
   149 | Abyss:1  | Noticed a large abomination
   151 | D:1      | Escaped the Abyss
   308 | D:1      | Reached XP level 2. HP: 29/29 MP: 5/5
   685 | D:1      | Reached * piety under Lugonu
  1047 | D:2      | Found a shimmering altar of Xom.
  1071 | D:2      | Reached XP level 3. HP: 29/35 MP: 6/6
  1911 | D:3      | You fall into a shaft and drop 1 floor!
  1926 | D:4      | Reached skill level 1 in Long Blades
  1926 | D:4      | Reached skill level 1 in Axes
  1926 | D:4      | Reached skill level 1 in Maces & Flails
  1926 | D:4      | Reached skill level 1 in Polearms
  1926 | D:4      | Reached skill level 1 in Staves
  1926 | D:4      | Reached skill level 1 in Slings
  1926 | D:4      | Reached skill level 1 in Bows
  1926 | D:4      | Reached skill level 1 in Crossbows
  1926 | D:4      | Reached skill level 1 in Throwing
  1926 | D:4      | Reached skill level 1 in Stealth
  1926 | D:4      | Reached skill level 1 in Shields
  1926 | D:4      | Reached skill level 1 in Unarmed Combat
  1926 | D:4      | Reached skill level 1 in Spellcasting
  1926 | D:4      | Reached skill level 1 in Evocations
  1926 | D:4      | Reached XP level 4. HP: 21/41 MP: 7/7
  2168 | D:3      | Found a faded altar of an unknown god.
  2631 | D:3      | Reached skill level 1 in Conjurations
  2631 | D:3      | Reached skill level 1 in Hexes
  2631 | D:3      | Reached skill level 1 in Summonings
  2631 | D:3      | Reached skill level 1 in Necromancy
  2631 | D:3      | Reached skill level 1 in Translocations
  2631 | D:3      | Reached skill level 1 in Transmutations
  2631 | D:3      | Reached skill level 1 in Fire Magic
  2631 | D:3      | Reached skill level 1 in Ice Magic
  2631 | D:3      | Reached skill level 1 in Air Magic
  2631 | D:3      | Reached skill level 1 in Earth Magic
  2631 | D:3      | Reached skill level 1 in Poison Magic
  2644 | D:3      | Found a bloodstained altar of Trog.
  2729 | D:4      | Reached XP level 5. HP: 33/47 MP: 8/8
  3237 | D:4      | Reached ** piety under Lugonu
  3550 | D:4      | Reached skill level 5 in Invocations
  3686 | D:4      | Reached XP level 6. HP: 47/53 MP: 9/9
  3742 | D:4      | Found a runed translucent gate.
  3742 | D:4      | Found a runed translucent gate.
  3742 | D:4      | Found a runed translucent gate.
  3744 | D:4      | Noticed Nebukadnezar's ghost (novice MiDe)
  4010 | D:5      | Entered Level 5 of the Dungeon
  4234 | D:5      | Found a staircase to the Ecumenical Temple.
  4736 | D:5      | Reached skill level 5 in Short Blades
  4736 | D:5      | Reached skill level 5 in Armour
  5528 | Temple   | Entered the Ecumenical Temple
  5626 | D:6      | Found Gagren's Distillery.
  5739 | D:6      | Bought a potion of curing for 42 gold pieces
  5739 | D:6      | Bought a potion of lignification for 42 gold pieces
  5739 | D:6      | Bought a potion of berserk rage for 70 gold pieces
  5739 | D:6      | Bought a potion of mutation for 112 gold pieces
  5739 | D:6      | Bought a potion of attraction for 42 gold pieces
  5777 | D:6      | Reached XP level 7. HP: 39/59 MP: 10/10
  6021 | D:6      | Found the +8 frozen axe "Frostbite" {freezing cloud, *Noise
                  | +Fly rC+}
  6037 | D:6      | Reached skill level 7 in Fighting
  6430 | D:6      | Reached *** piety under Lugonu
  6686 | D:6      | Found Idyhep's Magic Scroll Emporium.
  6689 | D:6      | Bought a scroll of magic mapping for 49 gold pieces
  7154 | D:6      | Reached XP level 8. HP: 46/67 MP: 12/12
  8509 | D:7      | Found a basalt altar of Yredelemnul.
  8580 | D:7      | Found a shadowy altar of Dithmenos.
  8650 | D:7      | Found a sparkling altar of Nemelex Xobeh.
  8650 | D:7      | Found an opulent altar of Gozag.
  8872 | D:8      | Reached XP level 9. HP: 25/66 MP: 14/14
  9502 | D:8      | Reached **** piety under Lugonu
 10321 | D:8      | Reached skill level 5 in Dodging
 11209 | D:9      | Reached skill level 8 in Fighting
 11280 | D:9      | Noticed Erica
 11288 | D:9      | Killed Erica
 11318 | D:9      | Reached XP level 10. HP: 64/80 MP: 17/17
 11336 | D:9      | Reached skill level 5 in Long Blades
 11336 | D:9      | Reached skill level 5 in Axes
 11336 | D:9      | Reached skill level 5 in Maces & Flails
 11336 | D:9      | Reached skill level 5 in Polearms
 11336 | D:9      | Reached skill level 5 in Staves
 11336 | D:9      | Reached skill level 5 in Slings
 11336 | D:9      | Reached skill level 5 in Bows
 11336 | D:9      | Reached skill level 5 in Crossbows
 11336 | D:9      | Reached skill level 5 in Throwing
 11336 | D:9      | Reached skill level 5 in Stealth
 11336 | D:9      | Reached skill level 5 in Shields
 11336 | D:9      | Reached skill level 5 in Unarmed Combat
 11336 | D:9      | Reached skill level 5 in Spellcasting
 11336 | D:9      | Reached skill level 5 in Evocations
 11781 | D:9      | Found a flagged portal.
 11790 | D:9      | Reached ***** piety under Lugonu
 11794 | Bailey   | Entered a bailey
 11973 | Bailey   | Shot with a bolt by an orc

Illustrated notes

Levels and vault maps discovered:
D:1:      saegor_arrival_simple_b, layout_basic, minmay_pentomino_x4
D:2:      layout_basic, brannock_xom_greatest_gift
D:3:      layout_basic, lemuel_coloured_pillars_altar,
          chequers_ecumenical_altar_simple, minmay_between
D:4:      layout_gridville, ebering_ghost_rock_garden, kennysheep_dice
D:5:      layout_layer_cave, minmay_temple_entry_waves, minmay_liquid_box
D:6:      layout_gridville, serial_shops, shop, kennysheep_mini
D:7:      layout_loops_ring, grunt_temple_overflow_opulence,
          yredelemnul_forgotten_temple_becter, grunt_ministairs_13,
          nicolae_dithmenos_through_a_glass_darkly
D:8:      layout_gridville
D:9:      layout_roguey, enter_bailey_3, uniq_erica
Temple:   regret_index_temple_mists
Bailey:   bailey_polearm_2, bailey

Skill      XL: |  1  2  3  4  5  6  7  8  9 10 |
---------------+-------------------------------+-----
Long Blades    | 1 2 3 4 5 |  5.0
Axes           | 1 2 3 4 5 |  5.0
Maces & Flails | 1 2 3 4 5 |  5.0
Polearms       | 1 2 3 4 5 |  5.0
Staves         | 1 2 3 4 5 |  5.0
Slings         | 1 2 3 4 5 |  5.0
Bows           | 1 2 3 4 5 |  5.0
Crossbows      | 1 2 3 4 5 |  5.0
Throwing       | 1 2 3 4 5 |  5.0
Stealth        | 1 2 3 4 5 |  5.0
Shields        | 1 2 3 4 5 |  5.0
Unarmed Combat | 1 2 3 4 5 |  5.0
Spellcasting   | 1 2 3 4 5 |  5.0
Evocations     | 1 2 3 4 5 |  5.0
Conjurations   | 1 2 3 4 |  4.1
Hexes          | 1 2 3 4 |  4.1
Summonings     | 1 2 3 4 |  4.1
Necromancy     | 1 2 3 4 |  4.1
Translocations | 1 2 3 4 |  4.1
Transmutations | 1 2 3 4 |  4.1
Fire Magic     | 1 2 3 4 |  4.1
Ice Magic      | 1 2 3 4 |  4.1
Air Magic      | 1 2 3 4 |  4.1
Earth Magic    | 1 2 3 4 |  4.1
Poison Magic   | 1 2 3 4 |  4.1
Dodging        | 3 4 5 |  5.7
Invocations    | 5 6 7 |  7.3
Short Blades   | 5 6 |  6.9
Armour         | 5 6 |  6.9
Fighting       | 7 8 |  8.3

Action                   |  1- 3 |  4- 6 |  7- 9 | 10-12 || total
-------------------------+-------+-------+-------+-------++-------
Melee: Dagger            |    99 |   242 |   548 |    89 ||   978
       Bite              |     7 |    26 |    72 |    10 ||   115
       Punch             |       |     2 |    14 |     1 ||    17
       Executioner's axe |       |       |     6 |       ||     6
Invok: Depart the Abyss  |     1 |       |       |       ||     1
Evoke: Wand              |       |       |     2 |       ||     2
  Use: Scroll            |       |     3 |    10 |       ||    13
 Stab: Sleeping          |     1 |     1 |     8 |       ||    10
       Paralysed         |       |       |     2 |       ||     2
       Distracted        |       |       |     1 |       ||     1
Armor: Leather armour    |    25 |    22 |       |       ||    47
       Ring mail         |       |    20 |   147 |    23 ||   190
Dodge: Dodged            |    66 |   146 |   261 |    45 ||   518
